 Dungeon Crawl Stone Soup version 0.31-a0-198-g2ad674f65e (webtiles) character file.

Game seed: 16387451266681829452

34 qw the Shooter (level 3, -7/20 HPs)
             Began as a Deep Elf Hunter on June 25, 2023.
             Killed by nerve-wracking pain
             ... invoked by Jessica
              (12 damage)
             ... on level 2 of the Dungeon.
             The game lasted 00:00:17 (830 turns).

qw the Shooter (Deep Elf Hunter)                     Turns: 830, Time: 00:00:18

Health: -7/20      AC:  3    Str: 10    XL:     3   Next: 14%
Magic:  5/5        EV: 12    Int: 13    God:
Gold:   60         SH:  0    Dex: 18    Spells: 2/2 levels left

rFire   . . .        Y - +0 shortbow
rCold   . . .        (shield currently unavailable)
rNeg    . . .        c - +0 leather armour
rPois   .            (no helmet)
rElec   .            (no cloak)
rCorr   .            (no gloves)
SInv    .            (no boots)
Will    .....        (no amulet)
Stlth   ++           (no ring)
HPRegen 0.23/turn    (no ring)
MPRegen 0.09/turn

%: no passive effects
@: slowed, very slow
A: no striking features
a: no special abilities


You were on level 2 of the Dungeon.
You visited 1 branch of the dungeon, and saw 2 of its levels.

You collected 60 gold pieces.


   Skills:
 - Level 1.5 Fighting
 + Level 6.7 Ranged Weapons
 - Level 2.4 Dodging
 - Level 1.2 Stealth


You had 2 spell levels left.
You didn't know any spells.
Your spell library was empty.

Inventory:

Hand Weapons
 Y - a +0 shortbow (weapon)
Armour
 c - a +0 leather armour (worn)
Scrolls
 a - a scroll of noise {unknown}
Potions
 f - a potion of attraction {unknown}

Dungeon Overview and Level Annotations

Branches:
Dungeon (2/15)

Altars:

Annotations:
D:2 Jessica


Message History

Found a flail.
Enter note: You shoot an arrow.
The arrow hits the goblin.
You kill the goblin!
Found a stone staircase leading up.
Enter note:
Enter note:
Found 2 poisoned darts.
Enter note:
Enter note: Jessica the Apprentice Sorceress comes into view.
She is wielding a +0 dagger.
Jessica gestures at you while chanting.
You feel yourself slow down.
Enter note:
Enter note: You shoot an arrow.
The arrow hits Jessica.
Jessica is heavily wounded.
You shoot an arrow. The arrow hits Jessica.
Jessica is almost dead.
Jessica casts a spell.
Jessica seems to speed up.
You shoot an arrow. The arrow closely misses Jessica.
Jessica closely misses you. Jessica hits you but does no damage.
You shoot an arrow. The arrow closely misses Jessica.
Jessica says, "Why did you come here?" Jessica hits you with a +0 dagger.
Jessica barely misses you. Jessica hits you but does no damage.
You shoot an arrow. The arrow barely misses Jessica.
Jessica hits you with a +0 dagger. x2
You shoot an arrow.
The arrow hits Jessica but does no damage.
Jessica is almost dead.
Jessica casts a spell at you. Pain shoots through your body!
Jessica mumbles something strange.
Jessica hits you with a +0 dagger. Jessica gestures at you while chanting.
Pain shoots through your body!
Ouch! That really hurt!
You die...

.##.#....#..#
.##.#.........# ..
.#....#........ ..
.#<...........# .#
.####.#....... .#
.####.......#.# .#
.##...##...... .#
.#........#######@#.##
..........#.....@(...#
...####.#.#.#####.###...
##.##.......# .#
#.##.#.#.#.# ..
#.##.#.#.### ### #...
#...) #### ###... #.###
#.#


You could see Jessica (fast).

Vanquished Creatures
  An adder (D:2)
  3 bats
  4 endoplasms
  A giant cockroach (D:1)
  3 goblins
  2 hobgoblins
  2 jackals (D:1)
  2 ball pythons (D:1)
  2 kobolds (D:1)
  3 rats (D:1)
23 creatures vanquished.

Notes
Turn   | Place    | Note
-------+----------+-------------------------------------------
     0 | D:1      | qw the Deep Elf Hunter began the quest for the Orb.
     0 | D:1      | Reached XP level 1. HP: 12/12 MP: 3/3
     0 | D:1      | 0 ||| qw: Version: 0.3-a-22-g0ed2b0b
     0 | D:1      | 0 ||| qw: Game counter: 4941
     0 | D:1      | 0 ||| qw: Melee chars always use a shield: true
     0 | D:1      | 0 ||| qw: God list: Okawaru
     0 | D:1      | 0 ||| qw: Allow faded altars: false
     0 | D:1      | 0 ||| qw: Do Orc after clearing Dungeon:15 true
     0 | D:1      | 0 ||| qw: Do second Lair branch before Depths: true
     0 | D:1      | 0 ||| qw: Lair rune preference: random
     0 | D:1      | 0 ||| qw: Goals: Normal
     0 | D:1      | 0 ||| PLANNING D:1-11
   190 | D:1      | Reached XP level 2. HP: 16/16 MP: 4/4
   213 | D:1      | Reached skill level 6 in Ranged Weapons
   467 | D:1      | Found a faded altar of an unknown god.
   684 | D:1      | 684 ||| DROPPING amulet of magic regeneration.
   685 | D:1      | 685 ||| READING scroll labelled KUYDWU APPIURGH.
   686 | D:1      | 686 ||| READING scroll labelled TEMOIVY ULUSO.
   689 | D:1      | 689 ||| DROPPING scroll of butterflies.
   705 | D:2      | Reached XP level 3. HP: 20/20 MP: 5/5
   824 | D:2      | Noticed Jessica
   830 | D:2      | HP: 5/20 [Jessica/+0 dagger (3)]
   830 | D:2      | Killed from afar by Jessica

Levels and vault maps discovered:
D:1:      minmay_arrival_cross, layout_loops_ring,
          shapermc_ecumenical_altar_pompeii, chequers_serial_rivers_micro_b
D:2:      layout_basic, basic_altar, serial_bayou_lagoon_a, uniq_jessica

Skill      XL: |  1  2 |
---------------+-------+-----
Ranged Weapons | 6 |  6.7
Fighting       | |  1.5
Dodging        | |  2.4
Stealth        | |  1.2

Action                     || total
---------------------------++-------
   Fire: Shortbow          ||    66
    Use: Scroll            ||     2
 Armour: Leather armour    ||    14
  Dodge: Dodged            ||    21

Table legend:
 A = Non-vault XP
 B = Vault XP
 C = Vault XP percentage of total XP
 D = Non-vault monster count
 E = Vault monster count
 F = Vault count percentage of total count
                 A         B        C        D         E       F
            +---------+---------+-------+---------+---------+-------
      Total |      49 |       0 |   0.0 |      23 |       0 |   0.0
            +---------+---------+-------+---------+---------+-------
        D:1 |      28 |       0 |   0.0 |      18 |       0 |   0.0
        D:2 |      21 |       0 |   0.0 |       5 |       0 |   0.0
            +---------+---------+-------+---------+---------+-------
